 Dungeon Crawl Stone Soup version bcrawl-1.21.3 (webtiles) character file.

Game seed: 3432473715929179298

83 Banto the Poker (level 4, 0/32 HPs)
             Began as a Demigod Wanderer on Mar 25, 2020.
             Slain by a leopard gecko (4 damage)
             ... on level 2 of the Dungeon.
             The game lasted 00:01:45 (1238 turns).

Banto the Poker (Demigod Wanderer)                  Turns: 1238, Time: 00:01:46

Health: 0/32       AC: 10    Str: 17    XL:     4   Next: 22%
Magic:  8/8        EV:  5    Int: 16    God:    Demigod [*.....]
Gold:   111        SH:  5    Dex: 17    Spells: 3/3 levels left

rFire    . . .     SeeInvis +   a - +2 spear
rCold    . . .     Gourm    .   c - +0 buckler
rNeg     . . .     Faith    +   n - +0 plate armour
rPois    .         Spirit   .   (no helmet)
rElec    .         Reflect  .   (no cloak)
rCorr    .         Harm     .   (no gloves)
MR       +....                  (no boots)
Stlth    ..........             g - amulet of faith (curse)
HPRegen  0.10/turn              l - ring of see invisible
MPRegen  0.11/turn              (no ring)

@: no status effects
A: frail 1, high mp 1, magic resistance 1
a: Temporal Distortion


You were on level 2 of the Dungeon.
You worshipped Demigod.
Demigod was aware of your devotion.
You were not hungry.

You visited 1 branch of the dungeon, and saw 2 of its levels.

You collected 111 gold pieces.

Inventory:

Hand Weapons
 a - a +2 spear (weapon)
Armour
 c - a +0 buckler (worn)
 n - a +0 plate armour (worn)
Jewellery
 g - a cursed amulet of faith (around neck)
 l - a ring of see invisible (left hand)
Scrolls
 b - a scroll of remove curse {unknown}
 d - a scroll of immolation {unknown}
 e - a scroll of magic mapping {unknown}
Potions
 h - a potion of brilliance
 i - a potion of curing
 k - a potion of haste {unknown}
Comestibles
 f - 2 chunks of flesh
 t - 5 rations {!d}


   Skills:
 - Level 1.7 Fighting
 + Level 3.4 Polearms
 - Level 2.6 Dodging
 - Level 1.0 Stealth
 + Level 2.1 Shields
 * Level 3.0 Invocations


You had 3 spell levels left.
You didn't know any spells.
Your spell library was empty.

Dungeon Overview and Level Annotations

Branches:
Dungeon (2/12)


Innate Abilities, Weirdness & Mutations

You have an increased reservoir of magic. (+10% MP)
You are frail. (-10% HP)
You are resistant to hostile enchantments. (MR+)


Message History

The leopard gecko is heavily wounded.
The leopard gecko bites you but does no damage.
You are too injured to fight recklessly!
You closely miss the leopard gecko.
The leopard gecko is heavily wounded.
You block the leopard gecko's attack.
You barely miss the leopard gecko.
The leopard gecko is heavily wounded.
The leopard gecko bites you but does no damage.
You closely miss the leopard gecko.
The leopard gecko is heavily wounded.
The leopard gecko barely misses you.
Your plate armour prevents you from hitting the leopard gecko.
The leopard gecko is heavily wounded.
The leopard gecko bites you but does no damage.
You closely miss the leopard gecko.
The leopard gecko is heavily wounded.
The leopard gecko bites you.
You die...
Your divinity fades.

##############
#..........#.#
#####..........#.#
................>#
...##....).....#.#
...##..........#@#
...#############l#
...# #...g# ####
#.##.# # #.# #"#
#)# #.# #.#


You could see a gnoll and a leopard gecko.

Vanquished Creatures
  An adder (D:2)
  2 gnolls (D:2)
  An ooze (D:1)
  3 dart slugs (D:1)
  4 leopard geckos
  A ball python (D:1)
  A giant cockroach (D:1)
  9 goblins
  5 hobgoblins
  5 kobolds
  A bat (D:1)
  3 frilled lizards
  3 rats
39 creatures vanquished.

Notes
Turn   | Place    | Note
-------+----------+-------------------------------------------
     0 | D:1      | Banto the Demigod Wanderer began the quest for the Orb.
     0 | D:1      | Banto set off with the following items: a +2 spear, a +0
                  | quarterstaff, a +0 buckler, a +0 robe, a ration {!d}
     0 | D:1      | Reached XP level 1. HP: 17/17 MP: 3/3
   100 | D:1      | Reached skill level 1 in Invocations
   205 | D:1      | Reached XP level 2. HP: 24/24 MP: 5/5
   620 | D:1      | Reached XP level 3. HP: 29/29 MP: 0/6
   690 | D:1      | Reached * piety under Demigod
  1005 | D:2      | Gained mutation: You are frail. (-10% HP) [potion of
                  | mutation]
  1005 | D:2      | Gained mutation: You are resistant to hostile enchantments.
                  | (MR+) [potion of mutation]
  1202 | D:2      | Reached XP level 4. HP: 12/32 MP: 8/8
  1238 | D:2      | Slain by a leopard gecko

Skill      XL: |  1  2  3  4 |
---------------+-------------+-----
Invocations    | 1 2 3 |  3.0
Polearms       | 3 |  3.4
Shields        | 2 |  2.1
Fighting       | |  1.7
Dodging        | |  2.6
Stealth        | |  1.0

Action                   |  1- 3 |  4- 6 || total
-------------------------+-------+-------++-------
Melee: Spear             |   131 |    30 ||   161
  Use: Scroll            |     2 |       ||     2
       Potion            |     1 |       ||     1
  Eat: Chunk             |     1 |       ||     1
Armor: Scale mail        |    19 |       ||    19
       Robe              |     1 |       ||     1
       Plate armour      |    23 |    14 ||    37
Dodge: Dodged            |    26 |     3 ||    29
Block: Buckler           |    15 |     8 ||    23
